A- EAST
AUGUSTA GREENJACKETS @ KANNAPOLIS CANNON BALLERS
04/30/2042
 
TOP OF THE 1ST
Augusta GreenJackets batting - Pitching for Kannapolis Cannon Ballers : RHP Tim Wilson
Pitching: RHP Tim Wilson
Batting: RHB Jesús Gonzáles 0-0: Called Strike
0-1: Foul Ball, location: 2F
0-2: Strikes out swinging
Batting: SHB Phil Román 0-0: Ball
1-0: SINGLE (Line Drive, 8LS, EV 106.3 MPH)
Batting: LHB David Cruz 0-0: Ball
1-0: Foul Ball, location: 7LMF
1-1: Called Strike
1-2: Ball
2-2: Hit by Pitch
Phil Román to second
Batting: RHB José García 0-0: TRIPLE (Flyball, 89XD, EV 99.4 MPH)
Phil Román scores
David Cruz scores
Batting: RHB Steve Roberts 0-0: Swinging Strike
0-1: Swinging Strike
0-2: Fly out, F9 (Flyball, 9LSF, EV 90.6 MPH)
Batting: LHB Raúl Flores 0-0: DOUBLE (Flyball, 78D, EV 98.8 MPH)
José García scores
Batting: RHB Sam Nicholas 0-0: Ball
1-0: Called Strike
1-1: Ball
2-1: Swinging Strike
2-2: Foul Ball, location: 2F
2-2: SINGLE (Groundball, 4D, EV 98.8 MPH)
Raúl Flores to third
Throwing error, E9
Raúl Flores scores
Sam Nicholas to second
Batting: RHB Steve Mason 0-0: Ball
1-0: Ball
2-0: Ball
3-0: Base on Balls
Batting: LHB Jeff Cantrell 0-0: Called Strike
0-1: Swinging Strike
0-2: Foul Ball, location: 7LDF
0-2: Strikes out swinging
Top of the 1st over - 4 runs, 4 hits, 1 error, 2 left on base; Augusta 4 - Kannapolis 0
BOTTOM OF THE 1ST
Kannapolis Cannon Ballers batting - Pitching for Augusta GreenJackets : RHP Steve Carr
Pitching: RHP Steve Carr
Batting: LHB Chris Hill 0-0: Foul Ball, location: 7LDF
0-1: Foul Ball, location: 2F
0-2: Ground out 6-3 (Groundball, 56, EV 81.9 MPH)
Batting: SHB Ed Charles 0-0: Ball
1-0: Swinging Strike
1-1: Ground out U3 (Groundball, 3, EV 79.4 MPH)
Batting: LHB Mike Simpson 0-0: Ball
1-0: Called Strike
1-1: Ball
2-1: Hit by Pitch
Batting: LHB Jeff Ferguson 0-0: Ball
1-0: Ball
2-0: Called Strike
2-1: SINGLE (Groundball, 6MS, EV 71.3 MPH) (infield hit)
Mike Simpson to second
Batting: LHB Elijah Milton 0-0: Fly out, F6 (Popup, 6MS, EV 70.0 MPH)
Bottom of the 1st over - 0 runs, 1 hit, 0 errors, 2 left on base; Augusta 4 - Kannapolis 0
TOP OF THE 2ND
Augusta GreenJackets batting - Pitching for Kannapolis Cannon Ballers : RHP Tim Wilson
Batting: RHB Jesús Gonzáles 0-0: Swinging Strike
0-1: Ball
1-1: Ball
2-1: Ball
3-1: Swinging Strike
3-2: Strikes out swinging
Batting: SHB Phil Román 0-0: Ground out 6-3 (Groundball, 6M, EV 80.0 MPH)
Batting: LHB David Cruz 0-0: SINGLE (Line Drive, 3D, EV 65.0 MPH)
Batting: RHB José García 0-0: Swinging Strike
0-1: Foul Ball, location: 3SF
0-2: Strikes out looking
Top of the 2nd over - 0 runs, 1 hit, 0 errors, 1 left on base; Augusta 4 - Kannapolis 0
BOTTOM OF THE 2ND
Kannapolis Cannon Ballers batting - Pitching for Augusta GreenJackets : RHP Steve Carr
Batting: SHB Billy Anderson 0-0: Foul Ball, location: 25F
0-1: Foul Ball, location: 2F
0-2: Strikes out looking
Batting: RHB Pat Watson 0-0: Ball
1-0: Foul Ball, location: 2F
1-1: Swinging Strike
1-2: Ball
2-2: Ball
3-2: Strikes out looking
Batting: RHB Luis Mendoza 0-0: Ball
1-0: Foul Ball, location: 9LMF
1-1: Swinging Strike
1-2: Ball
2-2: Ball
3-2: Foul Ball, location: 2F
3-2: Strikes out looking
Bottom of the 2nd over - 0 runs, 0 hits, 0 errors, 0 left on base; Augusta 4 - Kannapolis 0
TOP OF THE 3RD
Augusta GreenJackets batting - Pitching for Kannapolis Cannon Ballers : RHP Tim Wilson
Batting: RHB Steve Roberts 0-0: Hit by Pitch
Batting: LHB Raúl Flores 0-0: Grounds out, U3 (Groundball, 3L, EV 86.3 MPH)
Batting: RHB Sam Nicholas 0-0: Called Strike
0-1: Ball
1-1: Ball
2-1: Called Strike
2-2: Foul Ball, location: 9LSF
2-2: SINGLE (Groundball, 4MD, EV 96.9 MPH)
Steve Roberts to third
Batting: RHB Steve Mason 0-0: Called Strike
Sam Nicholas steals 2nd base
0-1: Fly out, F9 (Flyball, 9, EV 92.5 MPH)
Runner from 3rd tags up, SCORES, throw by RF
Sam Nicholas to third
Batting: LHB Jeff Cantrell 0-0: Swinging Strike
0-1: Called Strike
0-2: Strikes out looking
Top of the 3rd over - 1 run, 1 hit, 0 errors, 1 left on base; Augusta 5 - Kannapolis 0
BOTTOM OF THE 3RD
Kannapolis Cannon Ballers batting - Pitching for Augusta GreenJackets : RHP Steve Carr
Batting: RHB Mike Washington 0-0: Ball
1-0: Ball
2-0: Ball
3-0: Called Strike
3-1: SINGLE (Groundball, 4MD, EV 93.8 MPH)
Batting: LHB Chris Hill 0-0: Fly out, F3 (Popup, 34S, EV 71.3 MPH)
Batting: SHB Ed Charles 0-0: Foul Ball, location: 2F
0-1: Called Strike
0-2: Ball
1-2: Foul Ball, location: 9LSF
1-2: Ball
2-2: SINGLE (Groundball, P, EV 89.4 MPH) (infield hit)
Mike Washington to second
Batting: LHB Mike Simpson 0-0: Called Strike
0-1: Called Strike
0-2: Ball
1-2: Foul Ball, location: 9LSFF
1-2: Foul Ball, location: 25F
1-2: Ball
2-2: Strikes out looking
Batting: LHB Jeff Ferguson 0-0: Ball
1-0: Ball
2-0: Ball
Wild Pitch!
Mike Washington to third
Ed Charles to second
3-0: Called Strike
3-1: Ground out U3 (Groundball, 3S, EV 81.3 MPH)
Bottom of the 3rd over - 0 runs, 2 hits, 0 errors, 2 left on base; Augusta 5 - Kannapolis 0
TOP OF THE 4TH
Augusta GreenJackets batting - Pitching for Kannapolis Cannon Ballers : RHP Tim Wilson
Batting: RHB Jesús Gonzáles 0-0: Fly out, F8 (Flyball, 89D, EV 96.3 MPH)
Batting: SHB Phil Román 0-0: Ball
1-0: DOUBLE (Flyball, 89D, EV 94.4 MPH)
Batting: LHB David Cruz 0-0: Fly out, F8 (Flyball, 8RD, EV 110.6 MPH)
Batting: RHB José García 0-0: Ground out 6-3 (Groundball, 6MD, EV 99.4 MPH)
Top of the 4th over - 0 runs, 1 hit, 0 errors, 1 left on base; Augusta 5 - Kannapolis 0
BOTTOM OF THE 4TH
Kannapolis Cannon Ballers batting - Pitching for Augusta GreenJackets : RHP Steve Carr
Batting: LHB Elijah Milton 0-0: Ball
1-0: Fly out, F9 (Line Drive, 9S, EV 86.3 MPH)
Batting: SHB Billy Anderson 0-0: Ground out 3-1 (Groundball, 34, EV 86.9 MPH)
Batting: RHB Pat Watson 0-0: Foul Ball, location: 3F
0-1: Ball
1-1: Foul Ball, location: 9LSF
1-2: Ball
2-2: Foul Ball, location: 5SF
2-2: Ground out U3 (Groundball, 34, EV 84.4 MPH)
Bottom of the 4th over - 0 runs, 0 hits, 0 errors, 0 left on base; Augusta 5 - Kannapolis 0
TOP OF THE 5TH
Augusta GreenJackets batting - Pitching for Kannapolis Cannon Ballers : RHP Tim Wilson
Batting: RHB Steve Roberts 0-0: DOUBLE (Line Drive, 78D, EV 102.5 MPH)
Batting: LHB Raúl Flores 0-0: DOUBLE (Line Drive, 7LD, EV 98.8 MPH)
Steve Roberts scores
Pitching: RHP Sergio Cruz
Batting: RHB Sam Nicholas 0-0: Fly out, F4 (Line Drive, 4, EV 76.3 MPH)
Batting: RHB Steve Mason 0-0: Ball
1-0: Ball
2-0: Fly out, F4 (Line Drive, 4, EV 70.6 MPH)
Lined into DP, 4-6 (Line Drive, 4, EV 70.6 MPH)
Top of the 5th over - 1 run, 2 hits, 0 errors, 0 left on base; Augusta 6 - Kannapolis 0
BOTTOM OF THE 5TH
Kannapolis Cannon Ballers batting - Pitching for Augusta GreenJackets : RHP Steve Carr
Batting: RHB Luis Mendoza 0-0: Called Strike
0-1: Ball
1-1: Ball
2-1: Ball
3-1: Foul Ball, location: 23F
3-2: Strikes out looking
Batting: RHB Mike Washington 0-0: Foul Ball, location: 9LMF
0-1: Ball
1-1: Ball
2-1: Called Strike
2-2: Ground out 6-3 (Groundball, 56, EV 77.5 MPH)
Batting: LHB Chris Hill 0-0: Called Strike
0-1: Ball
1-1: Ball
2-1: Fly out, F7 (Flyball, 7LSF, EV 91.3 MPH)
Bottom of the 5th over - 0 runs, 0 hits, 0 errors, 0 left on base; Augusta 6 - Kannapolis 0
TOP OF THE 6TH
Augusta GreenJackets batting - Pitching for Kannapolis Cannon Ballers : RHP Sergio Cruz
Batting: LHB Jeff Cantrell 0-0: Ball
1-0: Ball
2-0: Foul Ball, location: 9LDF
2-1: Swinging Strike
2-2: Ball
3-2: Base on Balls
Batting: RHB Jesús Gonzáles 0-0: Ball
1-0: Swinging Strike
1-1: Swinging Strike
1-2: Foul Ball, location: 5FF
1-2: Strikes out swinging
Batting: SHB Phil Román 0-0: Swinging Strike
0-1: Swinging Strike
0-2: Strikes out swinging
Batting: LHB David Cruz 0-0: Ball
1-0: Ball
2-0: Called Strike
2-1: Called Strike
2-2: Fly out, F8 (Flyball, 8RM, EV 77.5 MPH)
Top of the 6th over - 0 runs, 0 hits, 0 errors, 1 left on base; Augusta 6 - Kannapolis 0
BOTTOM OF THE 6TH
Kannapolis Cannon Ballers batting - Pitching for Augusta GreenJackets : RHP Steve Carr
Batting: SHB Ed Charles 0-0: Foul Ball, location: 9LDF
0-1: Ball
1-1: Ball
2-1: Ground out 4-3 (Groundball, 4, EV 86.9 MPH)
Batting: LHB Mike Simpson 0-0: Ground out 3-1 (Groundball, 34, EV 87.5 MPH)
Batting: LHB Jeff Ferguson 0-0: Called Strike
0-1: Ball
1-1: Ball
2-1: Ball
3-1: Called Strike
3-2: Foul Ball, location: 2F
3-2: Base on Balls
Pitching: RHP Junior Mills
Batting: LHB Elijah Milton 0-0: Ball
1-0: Ball
Wild Pitch!
Jeff Ferguson to second
2-0: Swinging Strike
2-1: Ball
3-1: Foul Ball, location: 5SF
3-2: Ground out 6-3 (Groundball, 6, EV 106.9 MPH)
Bottom of the 6th over - 0 runs, 0 hits, 0 errors, 1 left on base; Augusta 6 - Kannapolis 0
TOP OF THE 7TH
Augusta GreenJackets batting - Pitching for Kannapolis Cannon Ballers : RHP Sergio Cruz
Batting: RHB José García 0-0: Swinging Strike
0-1: Foul Ball, location: 7LSF
0-2: Strikes out swinging
Batting: RHB Steve Roberts 0-0: DOUBLE (Line Drive, 7LM, EV 108.8 MPH)
Batting: LHB Raúl Flores 0-0: Fly out, F6 (Line Drive, 6, EV 70.0 MPH)
Lined into DP, 6-4 (Line Drive, 6, EV 70.0 MPH)
Top of the 7th over - 0 runs, 1 hit, 0 errors, 0 left on base; Augusta 6 - Kannapolis 0
BOTTOM OF THE 7TH
Kannapolis Cannon Ballers batting - Pitching for Augusta GreenJackets : RHP Junior Mills
Batting: SHB Billy Anderson 0-0: SINGLE (Groundball, 34S, EV 65.6 MPH) (infield hit)
Batting: RHB Pat Watson 0-0: 2-RUN HOME RUN (Flyball, 9LD, EV 95.6 MPH), Distance : 347 ft
Batting: RHB Luis Mendoza 0-0: Called Strike
0-1: SINGLE (Groundball, 34D, EV 95.6 MPH)
Batting: RHB Mike Washington 0-0: Swinging Strike
0-1: Grounds into double play, 5-4-3 (Groundball, 56, EV 91.9 MPH)
Batting: LHB Chris Hill 0-0: Called Strike
0-1: Ball
1-1: Ball
2-1: Ball
3-1: Foul Ball, location: 2F
3-2: Base on Balls
Batting: SHB Ed Charles 0-0: Ball
1-0: Called Strike
Chris Hill steals 2nd base
1-1: Ball
2-1: Hit by Pitch
Pinch Runner at 1st Jorge Martínez:
Batting: LHB Mike Simpson 0-0: Called Strike
0-1: Ball
1-1: Ball
2-1: Ground out 4-3 (Groundball, 4, EV 80.0 MPH)
Bottom of the 7th over - 2 runs, 3 hits, 0 errors, 2 left on base; Augusta 6 - Kannapolis 2
TOP OF THE 8TH
Augusta GreenJackets batting - Pitching for Kannapolis Cannon Ballers : RHP Sergio Cruz
Batting: RHB Sam Nicholas 0-0: Foul Ball, location: 3F
0-1: Foul Ball, location: 7LDF
0-2: Ball
1-2: Ball
2-2: Foul Ball, location: 2F
2-2: Strikes out swinging
Batting: RHB Steve Mason 0-0: Ball
1-0: Fly out, F6 (Line Drive, 6, EV 71.3 MPH)
Batting: LHB Jeff Cantrell 0-0: Called Strike
0-1: Swinging Strike
0-2: Strikes out swinging
Top of the 8th over - 0 runs, 0 hits, 0 errors, 0 left on base; Augusta 6 - Kannapolis 2
BOTTOM OF THE 8TH
Kannapolis Cannon Ballers batting - Pitching for Augusta GreenJackets : RHP Junior Mills
Batting: LHB Jeff Ferguson 0-0: Swinging Strike
0-1: Foul Ball, location: 3F
0-2: Ball
1-2: Foul Ball, location: 7LSF
1-2: Strikes out swinging
Batting: LHB Elijah Milton 0-0: Foul Ball, location: 7LSF
0-1: Foul Ball, location: 7LDF
0-2: Strikes out looking
Batting: SHB Billy Anderson 0-0: Called Strike
0-1: SINGLE (Line Drive, 34D, EV 93.8 MPH)
Batting: RHB Pat Watson 0-0: Ball
1-0: Ball
2-0: Ball
3-0: Called Strike
3-1: Called Strike
3-2: Base on Balls
Billy Anderson to second
Batting: RHB Luis Mendoza 0-0: Ball
1-0: Swinging Strike
1-1: Ball
2-1: SINGLE (Line Drive, 3D, EV 105.6 MPH)
Billy Anderson to third
Pat Watson to second
Batting: RHB Mike Washington 0-0: Ball
1-0: Ball
2-0: Ball
3-0: Called Strike
3-1: Base on Balls
Billy Anderson scores
Pat Watson to third
Luis Mendoza to second
Pitching: RHP Miguel Angel Duarte
Batting: LHB Chris Hill 0-0: Called Strike
0-1: Ball
1-1: Ball
2-1: GRAND SLAM HOME RUN (Flyball, 9D, EV 96.3 MPH), Distance : 347 ft
Batting: LHB Jesús Salas 0-0: Ball
1-0: Swinging Strike
1-1: Swinging Strike
1-2: Strikes out swinging
Bottom of the 8th over - 5 runs, 3 hits, 0 errors, 0 left on base; Augusta 6 - Kannapolis 7
TOP OF THE 9TH
Augusta GreenJackets batting - Pitching for Kannapolis Cannon Ballers : RHP Sergio Cruz
Pinch Hitting: LHB Orlando Santana 0-0: Foul Ball, location: 9LDF
0-1: Called Strike
0-2: Strikes out looking
Batting: SHB Phil Román 0-0: Ball
1-0: Ball
2-0: Foul Ball, location: 5F
2-1: Foul Ball, location: 3FF
2-2: Ground out 4-3 (Groundball, 4M, EV 91.3 MPH)
Batting: LHB David Cruz 0-0: Called Strike
0-1: Ball
1-1: Ball
2-1: Ball
3-1: Base on Balls
Batting: RHB José García 0-0: Called Strike
0-1: Called Strike
0-2: Ball
1-2: Foul Ball, location: 2F
1-2: Fly out, F2 (Popup, 2RF, EV 85.0 MPH)
Top of the 9th over - 0 runs, 0 hits, 0 errors, 1 left on base; Augusta 6 - Kannapolis 7
Wednesday, May 15th , 2024 - OOTP Baseball 24.10 Build 82